 Dungeon Crawl Stone Soup version 0.28-a0-537-g3bccd9ccbf (webtiles) character file.

Game seed: 16961759034216179889

103 Tocho the Covered (level 5, 0/41 HPs)
             Began as a Human Fighter on Sept 27, 2021.
             Slain by a black bear (1 damage)
             ... on level 3 of the Dungeon.
             The game lasted 00:03:12 (2558 turns).

Tocho the Covered (Human Fighter)                   Turns: 2558, Time: 00:03:14

Health: 0/41       AC:  6    Str: 16    XL:     5   Next: 6%
Magic:  5/5        EV:  9    Int: 10    God:
Gold:   60         SH:  4    Dex: 12    Spells: 4/4 levels left

rFire   . . .      SeeInvis .   a - +0 long sword
rCold   . . .      Faith    .   g - +0 buckler
rNeg    . . .      Spirit   .   b - +0 scale mail
rPois   .          Reflect  .   (no helmet)
rElec   .          Harm     .   (no cloak)
rCorr   .          Rampage  .   (no gloves)
Will    .....                   (no boots)
Stlth   ..........              (no amulet)
HPRegen 0.13/turn               (no ring)
MPRegen 0.09/turn               (no ring)

@: no status effects
A: no striking features
a: no special abilities


You were on level 3 of the Dungeon.
You visited 1 branch of the dungeon, and saw 3 of its levels.

You collected 60 gold pieces.

Inventory:

Hand Weapons
 a - a +0 long sword (weapon)
 e - a +0 whip
Missiles
 f - 11 poisoned darts (quivered)
Armour
 b - a +0 scale mail (worn)
 c - a +0 tower shield
 g - a +0 buckler (worn)
Jewellery
 h - an amulet of magic regeneration
 i - a ring of wizardry
 j - a ring of resist corrosion
Wands
 n - a wand of acid (9)
Scrolls
 k - 3 scrolls of teleportation {unknown}
 p - a scroll of silence {unknown}
 q - a scroll of immolation {unknown}
Potions
 d - a potion of might
 l - a potion of attraction {unknown}
 m - a potion of heal wounds {unknown}
 o - a potion of lignification {unknown}


   Skills:
 * Level 3.4 Fighting
 * Level 3.6 Long Blades
 + Level 3.6 Armour
 + Level 0.2 Dodging
 + Level 3.2 Shields


You had 4 spell levels left.
You didn't know any spells.
Your spell library contained the following spells:

 Spells                   Type           Power      Damage    Failure   Level
 Gell's Gravitas          Tloc           0%         N/A       99%         3
 Lesser Beckoning         Tloc           0%         N/A       99%         3
 Teleport Other           Tloc           0%         N/A       99%         3
 Animate Dead             Necr           0%         N/A       100%        4
 Haunt                    Necr/Summ      0%         N/A       100%        7
 Infestation              Necr           0%         N/A       100%        8


Dungeon Overview and Level Annotations

Branches:
Dungeon (3/15)

Altars:


Message History

You are too injured to fight recklessly!
You are too injured to fight recklessly!
You are too injured to fight recklessly!
You are too injured to fight recklessly!
You are too injured to fight recklessly!
Unknown command.
You barely miss the black bear.
The black bear is heavily wounded.
The black bear bites you.
The black bear claws you but does no damage.
The black bear barely misses you.
You hit the black bear.
The black bear is severely wounded.
You block the black bear's attack. The black bear claws you. x2
* * * LOW HITPOINT WARNING * * *
You hit the black bear but do no damage.
The black bear is severely wounded.
The black bear bites you.
* * * LOW HITPOINT WARNING * * *
The black bear claws you but does no damage. x2
You block the frilled lizard's attack.
You hit the black bear but do no damage.
The black bear is severely wounded.
You block the black bear's attack.
The black bear claws you but does no damage.
The black bear claws you.
* * * LOW HITPOINT WARNING * * *
You block the black bear's attack. The black bear claws you.
* * * LOW HITPOINT WARNING * * *
The black bear claws you but does no damage.
Your scale mail prevents you from hitting the black bear.
The black bear is heavily wounded.
You block the black bear's attack.
The black bear claws you but does no damage. x2
You closely miss the black bear.
The black bear is heavily wounded.
The black bear bites you.
* * * LOW HITPOINT WARNING * * *
The black bear claws you.
You die...

#.. #.......#.# #.#.##.##..#
#..###.####.#.####........).###
#.#..........## #....##.##.....
# ##########.####....##.##....#
#)##................
#.##..l....#.##.....
#.##.......#......#.
#.####...#######....
#..@hl........ .#.#
#######....... ...# #.###...
...# .# .## ## .. . ##


You could see a black bear and a frilled lizard.

Vanquished Creatures
  An orc wizard (D:2)
  3 adders
  A worm (D:3)
  4 orcs
  6 ball pythons
  9 bats
  6 endoplasms
  A giant cockroach (D:1)
  3 hobgoblins
  A quokka (D:3)
  2 goblins
  2 kobolds
  4 rats
43 creatures vanquished.

Vanquished Creatures (others)
  7 toadstools (D:1)
7 creatures vanquished.

Grand Total: 50 creatures vanquished

Notes
Turn   | Place    | Note
-------+----------+-------------------------------------------
     0 | D:1      | Tocho the Human Fighter began the quest for the Orb.
     0 | D:1      | Reached XP level 1. HP: 18/18 MP: 1/1
    99 | D:1      | Reached XP level 2. HP: 23/24 MP: 2/2
   518 | D:1      | Reached XP level 3. HP: 29/29 MP: 3/3
  1110 | D:2      | Reached XP level 4. HP: 31/35 MP: 4/4
  1184 | D:2      | Found a faded altar of an unknown god.
  2422 | D:3      | Reached XP level 5. HP: 40/41 MP: 5/5
  2522 | D:3      | Noticed a black bear
  2558 | D:3      | HP: 1/41 [black bear (6)]
  2558 | D:3      | Slain by a black bear

Illustrated notes

Levels and vault maps discovered:
D:1:      nagdon_arrival_double_spiral, layout_loops_ring
D:2:      layout_basic, shapermc_ecumenical_altar_mp_ritualfount
D:3:      layout_loops_ring, nicolae_tso_besieged_by_evil

Skill      XL: |  1  2  3  4 |
---------------+-------------+-----
Long Blades    | 3 |  3.6
Fighting       | |  3.4
Armour         | |  3.6
Dodging        | |  0.2
Shields        | |  3.2

Action                   |  1- 3 |  4- 6 || total
-------------------------+-------+-------++-------
Melee: Long sword        |    94 |    67 ||   161
Armor: Scale mail        |    55 |    36 ||    91
Dodge: Dodged            |    56 |    32 ||    88
Block: Buckler           |    28 |    19 ||    47

Table legend: (Time is in decaauts)
 A = Elapsed time spent in this place.
 B = Non-inter-level travel time spent in this place.
 C = Inter-level travel time spent in this place.
 D = Time resting spent in this place.
 E = Time spent auto-exploring this place.
 F = Levels seen in this place.
 G = Mean time per level.
                   A        B        C        D        E       F      G
               +--------+--------+--------+--------+--------+-----+--------+
         Total |   2644 |   2560 |     84 |    704 |   1457 |   3 |  881.3 |
       Dungeon |   2644 |   2560 |     84 |    704 |   1457 |   3 |  881.3 |
               +--------+--------+--------+--------+--------+-----+--------+

Top non-repeatable levels by time:
     D:2: 1371 daAuts
     D:1: 851 daAuts
     D:3: 420 daAuts
